 Dungeon Crawl Stone Soup version 0.32-a0-656-g3542139ebd (webtiles) character file.

Game seed: 16931276850688554460

2339 horus123 the Geomancer (level 9, -1/57 HPs)
             Began as a Deep Elf Earth Elementalist on Mar 8, 2024.
             Was a Believer of Vehumet.
             Slain by a sky beast (6 damage)
             ... on level 6 of the Dungeon.
             The game lasted 00:10:40 (6549 turns).

horus123 the Geomancer (DEEE)                       Turns: 6549, Time: 00:10:41

Health: -1/57      AC:  6    Str:  7    XL:     9   Next: 19%
Magic:  4/18       EV: 17    Int: 23    God:    Vehumet [**....]
Gold:   320        SH:  0    Dex: 15    Spells: 10/18 levels left

rFire   + . .        s - +0 long sword
rCold   . . .        (no shield)
rNeg    . . .        a - +0 robe
rPois   .            (no helmet)
rElec   .            z - +2 cloak
rCorr   .            (no gloves)
SInv    .            g - +0 pair of boots
Will    .....        j - amulet of regeneration
Stlth   ++           w - ring of protection from fire
HPRegen 1.09/turn    A - +5 ring of evasion
MPRegen 0.16/turn

%: no passive effects
@: no status effects
A: no striking features
a: Renounce Religion


You were on level 6 of the Dungeon.
You worshipped Vehumet.
Vehumet was pleased with you.
You visited 1 branch of the dungeon, and saw 7 of its levels.

You collected 320 gold pieces.

Inventory:

Hand Weapons
 k - a +2 dagger of venom
 m - a +0 falchion
 s - a +0 long sword (weapon)
Armour
 a - a +0 robe (worn)
 g - a +0 pair of boots (worn)
 o - a +4 chain mail of willpower
 z - a +2 cloak (worn)
Jewellery
 j - an amulet of regeneration (around neck)
 w - a ring of protection from fire (left hand)
 A - a +5 ring of evasion (right hand)
Scrolls
 c - 4 scrolls of blinking
 e - 5 scrolls of teleportation
 h - 2 scrolls of revelation
 l - a scroll of immolation
 p - a scroll of brand weapon {unknown}
 r - a scroll of silence {unknown}
 t - 4 scrolls of vulnerability {unknown}
 u - 3 scrolls of fog {unknown}
 v - a scroll of noise {unknown}
 y - 2 scrolls of identify
 B - a scroll of enchant weapon {unknown}
Potions
 b - a potion of ambrosia {unknown}
 d - 2 potions of curing
 f - 4 potions of heal wounds {unknown}
 i - 2 potions of haste {unknown}
 n - a potion of mutation {unknown}
 q - a potion of resistance {unknown}
 x - a potion of might {unknown}


   Skills:
 - Level 7.0 Fighting
 + Level 2.9 Armour
 - Level 2.4 Dodging
 - Level 2.4 Stealth
 - Level 5.0 Spellcasting
 - Level 4.0 Conjurations
 - Level 8.0 Earth Magic


You had 10 spell levels left.
You knew the following spells:

 Your Spells              Type           Power      Damage    Failure   Level
a - Sandblast             Erth           84%        2d18      1%          1
b - Stone Arrow           Conj/Erth      66%        3d11      2%          3
c - Brom's Barrelling Bo  Conj/Erth      33%        2d5       8%          4

Your spell library contained the following spells:

 Spells                   Type           Power      Damage    Failure   Level
 Kiss of Death            Conj/Necr      60%        2d10      4%          1
 Passwall                 Erth           42%        N/A       1%          3
 Petrify                  Alch/Erth      24%        N/A       19%         4


Dungeon Overview and Level Annotations

Branches:
Dungeon (7/15)
 Temple: D:4-7

Altars:
Gozag
Hepliaklqana
Makhleb
Trog
Vehumet
Wu Jian
Zin

Shops:
D:5 (


Message History

Something hits you but does no damage.
You climb upwards.
Reactivating autopickup.
There is a stone staircase leading down, spattered with blood here.
Something hits you. Something shocks you.
Deactivating autopickup; reactivate with Ctrl-A.
You miss something. Something hits you. Something shocks you.
Aiming: Sandblast (safe; 1% risk of failure)
Press: ? - help, Q - select action, (/) - cycle Shift-Dir - straight line The blast of sand hits something but does no damage.
Something hits you. Something shocks you. Something hits you.
Something shocks you.
Aiming: Sandblast (safe; 1% risk of failure)
Press: ? - help, Q - select action, (/) - cycle Shift-Dir - straight line The blast of sand hits something!
Something hits you. Something shocks you.
* * * LOW HITPOINT WARNING * * *
Aiming: Sandblast (safe; 1% risk of failure)
Press: ? - help, Q - select action, (/) - cycle Shift-Dir - straight line Something hits you but does no damage.
Something hits you.
* * * LOW HITPOINT WARNING * * *
Something shocks you.
* * * LOW HITPOINT WARNING * * *
Aiming: Sandblast (safe; 1% risk of failure)
Press: ? - help, Q - select action, (/) - cycle Shift-Dir - straight line Something barely misses you.
Aiming: Sandblast (safe; 1% risk of failure)
Press: ? - help, Q - select action, (/) - cycle Shift-Dir - straight line The blast of sand hits something but does no damage.
Something hits you but does no damage. Something hits you.
* * * LOW HITPOINT WARNING * * *
Something shocks you.
* * * LOW HITPOINT WARNING * * *
Casting: Sandblast (safe; 1% risk of failure)
Confirm with . or Enter, or press ? or * to list all spells.
You can't see any susceptible monsters within range! (Use Z to cast anyway.)
You closely miss something. Something hits you.
* * * LOW HITPOINT WARNING * * *
Something shocks you.
You die...

#### #.#.# ...# #.#.##########
...###############†#.##.......#
.......#...........#.##.......#
...###.#...........#.##.......#
...###.#...........#.##.......#
.....#.#...........#.##.......#
.....#.#........†..#.##.......#
.....#.#.......{@..#.##.......#
.....#.###########.#.##.......#
.....#..........#.....).......###
.....#..#######.##.#.####.##....#
................##.#.###.).####)#
...................#.##.))..###.#
.....................#.......##.#
........####....#...##.....).##.#
#####...............#.........#.#


There were no monsters in sight!

Vanquished Creatures
  Pikel (D:6)
  A water moccasin (D:6)
  2 black bears
  A phantom (D:4)
  A kobold brigand (D:6)
  A lemure (D:6)
  2 bullfrogs
  A gnoll sergeant (D:6)
  A scorpion (D:5)
  6 killer bees
  4 howler monkeys
  3 bombardier beetles (D:6)
  7 hounds
  2 jellies (D:6)
  Crazy Yiuf (D:5)
  Jessica (D:2)
  Terence (D:2)
  3 iguanas
  An orc wizard (D:6)
  4 gnolls
  8 adders
  2 shadow imps (D:6)
  A white imp (D:6)
  4 ufetubi (D:5)
  A dart slug (D:2)
  2 ribbon worms
  3 orcs
  11 endoplasms
  2 giant cockroaches (D:2)
  6 goblins
  7 hobgoblins
  4 jackals (D:1)
  2 quokkas
  10 ball pythons
  3 bats
  A frilled lizard (D:1)
  8 kobolds
  9 rats
128 creatures vanquished.

Notes
Turn   | Place    | Note
-------+----------+-------------------------------------------
     0 | D:1      | horus123 the Deep Elf Earth Elementalist began the quest
                  | for the Orb.
     0 | D:1      | Reached XP level 1. HP: 10/10 MP: 6/6
   270 | D:1      | Reached XP level 2. HP: 15/15 MP: 7/9
   723 | D:1      | Reached XP level 3. HP: 17/19 MP: 4/11
   788 | D:1      | Learned a level 3 spell: Stone Arrow
   805 | D:1      | Reached skill level 5 in Spellcasting
  1680 | D:2      | Noticed Jessica
  1681 | D:2      | Killed Jessica
  1682 | D:2      | Reached XP level 4. HP: 24/24 MP: 11/13
  2009 | D:2      | Noticed Terence
  2018 | D:2      | Killed Terence
  2694 | D:3      | Found a glowing silver altar of Zin.
  2771 | D:3      | Found a radiant altar of Vehumet.
  2778 | D:3      | Became a worshipper of Vehumet
  2890 | D:3      | Found an opulent altar of Gozag.
  3494 | D:3      | Learned a level 4 spell: Brom's Barrelling Boulder
  3803 | D:4      | Reached XP level 5. HP: 28/28 MP: 12/14
  3877 | D:4      | Found a bloodstained altar of Trog.
  4036 | D:4      | Noticed a phantom
  4044 | D:4      | Killed a phantom
  4045 | D:4      | Reached skill level 4 in Earth Magic
  4086 | D:4      | Reached skill level 5 in Earth Magic
  4243 | D:4      | Reached XP level 6. HP: 29/32 MP: 7/15
  4511 | D:4      | Found a burning altar of Makhleb.
  4562 | D:5      | Entered Level 5 of the Dungeon
  4764 | D:5      | Found an ornate altar of the Wu Jian Council.
  4816 | D:5      | Reached skill level 6 in Earth Magic
  4819 | D:5      | Reached * piety under Vehumet
  4819 | D:5      | Offered knowledge of Magic Dart by Vehumet.
  4938 | D:5      | Reached skill level 7 in Earth Magic
  4938 | D:5      | Reached XP level 7. HP: 36/36 MP: 11/16
  4995 | D:5      | Found Dorar's Firing Range.
  5010 | D:5      | Found a runed translucent door.
  5011 | D:5      | Noticed Crazy Yiuf
  5015 | D:5      | Killed Crazy Yiuf
  5035 | D:5      | Identified the +1 hammer "Feasonuj" {drain, Dex+2}
  5410 | D:6      | Reached skill level 8 in Earth Magic
  5483 | D:6      | Reached skill level 1 in Fighting
  5601 | D:6      | Noticed Pikel
  5627 | D:6      | Killed Pikel
  5628 | D:6      | Reached skill level 5 in Fighting
  5628 | D:6      | Reached XP level 8. HP: 49/49 MP: 12/17
  5987 | D:6      | Found a hazy altar of Hepliaklqana.
  5996 | D:6      | Reached ** piety under Vehumet
  5996 | D:6      | Offered knowledge of Kiss of Death by Vehumet.
  6464 | D:6      | Reached XP level 9. HP: 46/57 MP: 11/18
  6466 | D:6      | Reached skill level 1 in Armour
  6549 | D:6      | Slain by a sky beast

Illustrated notes

Levels and vault maps discovered:
D:1:      wheals_arrival_linesprint, layout_basic, chequers_serial_rivers_marsh,
          grunt_decor_fettered
D:2:      minmay_inner_zag, layout_basic, minmay_misc_feat_chi,
          grunt_decor_mini_mirrors, uniq_terence, uniq_jessica
D:3:      layout_loops_corners, mainiacjoe_overflow_large_starburst,
          zin_treasury, dreamdust_wishing_well, minmay_misc_feat_hallway
D:4:      layout_loops_ring, lightli_temple_of_fire, mainiacjoe_overflow_catwalk
D:5:      layout_loops_ring, nzn_wu_jian_council_hall,
          nicolae_shop_firing_range, uniq_crazy_yiuf_cottage
D:6:      kennysheep_spiral_hall, layout_basic, nicolae_overflow_crystal_walls,
          uniq_pikel
D:7:      layout_rooms, minmay_temple_entry_tees, enter_bailey_3,
          chequers_serial_rivers_micro_b, uniq_jeremiah

Skill      XL: |  1  2  3  4  5  6  7  8  9 |
---------------+----------------------------+-----
Spellcasting   | 4 5 |  5.0
Conjurations   | 2 4 |  4.0
Earth Magic    | 5 7 8 |  8.0
Fighting       | 5 7 |  7.0
Armour         | 2 |  2.9
Dodging        | |  2.4
Stealth        | |  2.4

Action                     |  1- 3 |  4- 6 |  7- 9 || total
---------------------------+-------+-------+-------++-------
  Melee: Dagger            |       |     1 |       ||     1
         Long sword        |       |       |     3 ||     3
   Cast: Sandblast         |    38 |    78 |    83 ||   199
         Stone Arrow       |       |     3 |     8 ||    11
         Brom's Barrelling |       |       |     3 ||     3
    Use: Scroll            |       |     4 |     1 ||     5
         Potion            |       |       |     3 ||     3
 Armour: Robe              |     3 |    15 |    35 ||    53
         Chain mail        |       |       |    24 ||    24
         Skin              |       |       |     6 ||     6
  Dodge: Dodged            |     2 |    22 |    62 ||    86

Table legend: (Time is in decaauts)
 A = Elapsed time spent in this place.
 B = Non-inter-level travel time spent in this place.
 C = Inter-level travel time spent in this place.
 D = Time resting spent in this place.
 E = Time spent auto-exploring this place.
 F = Levels seen in this place.
 G = Mean time per level.
                   A        B        C        D        E       F      G
               +--------+--------+--------+--------+--------+-----+--------+
         Total |   6646 |   6457 |    189 |    138 |   5433 |   7 |  949.4 |
       Dungeon |   6646 |   6457 |    189 |    138 |   5433 |   7 |  949.4 |
               +--------+--------+--------+--------+--------+-----+--------+

Top non-repeatable levels by time:
     D:1: 1354 daAuts
     D:2: 1327 daAuts
     D:6: 1182 daAuts
     D:3: 995 daAuts
     D:4: 929 daAuts
     D:5: 823 daAuts
     D:7: 33 daAuts
